Map: Frozen Temple

Players

Allaryce

  • Race: Zerg Zerg
  • League: Diamond

Kozan - Winner!

  • Race: Terran Terran
  • League: Grandmaster

Event: Cheesadelphia Summer 2016

VOD

Have the link to the VOD?

Description

Time

  • Played on: July 23, 2016, 1:46 p.m.
  • Length: 9:02

All games in this series

Show
View Real Time Build Order
Export as new Build Order

Allaryce Zerg 

Build Orders: Hatch First 

Get SALT Encoding   

  12  0:01  Drone  
  13  0:08  Drone  
  14  0:21  Extractor x2, Drone  
  13  0:22  Drone  
  13  0:27  Overlord  
  16  0:51  Hatchery  
  16  0:54  Drone  
  16  0:57  Drone  
  16  1:03  Extractor  
  16  1:14  Spawning Pool  
  16  1:18  Drone  
  16  1:24  Drone  
  17  1:26  Drone  
  17  1:30  Drone  
  19  1:40  Overlord  
  19  2:02  Metabolic Boost, Queen  
  19  2:05  Zergling x2  
  19  2:06  Zergling x2  
  19  2:08  Drone  
  24  2:15  Queen  
  24  2:19  Drone  
  27  2:23  Drone  
  27  2:37  Zergling x4  
  29  2:44  Drone x2  
  30  2:53  Overlord  
  30  2:55  Overlord  
  30  3:03  Overlord  
  30  3:13  Drone x3  
  33  3:22  Extractor, Roach Warren  
  31  3:36  Overlord  
  31  3:39  Overlord  
  31  3:41  Overlord  
  31  4:01  Roach x9  
  48  4:05  Zergling x2  
  48  4:21  Zergling x2  
  48  4:22  Zergling x10  
  54  4:26  Zergling x2  
  55  4:34  Evolution Chamber  
  55  4:38  Drone  
  55  4:39  Drone x3  
  58  4:48  Ravager x3  
  58  4:49  Ravager  
  55  5:13  Zergling x16  
  59  5:15  Ravager x3  
  62  5:43  Zerg Ground Armor Level 1  
  62  5:44  Zergling x2  
  62  5:45  Zergling x10  
  62  5:46  Zergling x2  
  49  6:00  Roach x3, Zergling x2  
  49  6:01  Roach, Zergling x2  
  51  6:18  Extractor  
  42  6:44  Hatchery  
  41  6:47  Ravager  
  41  6:48  Ravager  
  41  6:50  Ravager  
  44  6:54  Drone x2  
  44  6:55  Drone x2  
  48  7:09  Spore Crawler  
  48  7:10  Drone x7  
  48  7:11  Drone x2  
  51  7:33  Spore Crawler  
  50  7:39  Spore Crawler  
  49  7:49  Drone  
  49  7:50  Drone x2  
  52  7:58  Baneling Nest, Hatchery  
  50  8:08  Drone x2  
  50  8:09  Drone x2  
  50  8:11  Drone  
Show
View Real Time Build Order
Export as new Build Order

Kozan Terran - Winner!

Build Orders: Reaper Expand, MMM Bio 

Get SALT Encoding   

  12  0:00  SCV  
  13  0:13  SCV  
  14  0:18  Supply Depot  
  14  0:25  SCV  
  15  0:39  SCV  
  15  0:41  Barracks  
  16  0:45  Refinery  
  16  0:51  SCV  
  17  1:04  SCV  
  18  1:16  SCV  
  19  1:28  Orbital Command  
  19  1:29  Reaper  
  20  1:44  Command Center  
  20  1:54  SCV  
  21  1:55  Supply Depot  
  21  2:00  Marine  
  22  2:06  SCV  
  23  2:12  Factory  
  23  2:18  Refinery  
  23  2:19  SCV  
  24  2:27  Barracks Reactor  
  24  2:31  SCV  
  25  2:43  SCV  
  26  2:55  SCV  
  26  2:57  Orbital Command  
  27  2:59  Starport  
  27  3:07  SCV  
  27  3:08  Barracks Tech Lab  
  28  3:13  Hellion x2  
  28  3:16  Supply Depot  
  28  3:19  SCV  
  33  3:22  SCV  
  34  3:32  SCV  
  34  3:34  SCV  
  34  3:38  Medivac  
  37  3:42  Marine x2  
  37  3:43  Bunker  
  39  3:49  Siege Tank  
  39  3:50  Supply Depot  
  39  3:53  SCV x2  
  42  4:05  SCV x2  
  42  4:09  Marine  
  44  4:10  Marine  
  46  4:17  SCV x2  
  46  4:24  Command Center  
  48  4:25  Siege Tank  
  48  4:29  SCV x2  
  53  4:31  Liberator  
  53  4:41  Marine x2, SCV x2  
  60  4:53  SCV  
  60  4:54  SCV  
  60  4:55  Barracks  
  60  4:57  Supply Depot, Barracks  
  60  4:58  Supply Depot  
  62  5:18  Supply Depot, Marine x2, SCV x2  
  69  5:21  Siege Tank  
  69  5:26  Refinery x2  
  69  5:30  SCV x2  
  69  5:33  Engineering Bay  
  69  5:34  Starport Reactor, Engineering Bay  
  71  5:37  Marine x2  
  74  5:44  Barracks Tech Lab x2  
  74  5:46  Orbital Command  
  74  5:47  SCV x2  
  75  6:03  Marine x4, SCV x2  
  78  6:05  Stimpack  
  78  6:06  Combat Shields  
  78  6:16  SCV x2  
  78  6:18  Supply Depot x2  
  80  6:20  Medivac  
  80  6:21  Marine  
  83  6:29  Marine x3  
  83  6:30  Siege Tank  
  83  6:31  SCV  
  88  6:33  Supply Depot  
  88  6:37  Orbital Command  
  88  6:39  Marine  
  89  6:40  Terran Infantry Weapons Level 1  
  89  6:42  SCV  
  89  6:46  Supply Depot  
  90  6:47  Marine  
  91  6:59  SCV x2  
  91  7:00  Marine x3  
  96  7:05  Marine  
  96  7:06  Siege Tank, SCV  
  98  7:11  SCV x2  
  100  7:17  Marine x2  
  100  7:18  Marine  
  102  7:23  Marine  
  102  7:25  Barracks, SCV x2  
  102  7:26  Barracks  
  102  7:27  Refinery, Factory  
  102  7:28  Refinery  
  105  7:35  Medivac x2, Marine x3  
  112  7:37  Supply Depot  
  112  7:38  SCV  
  112  7:40  Marine  
  112  7:41  SCV  
  115  7:44  SCV  
  115  7:47  Supply Depot  
  115  7:49  Armory  
  116  7:53  Marine x3  
  116  7:56  Siege Tank  
  122  7:58  Marine  
  123  8:06  Supply Depot  
  123  8:07  Supply Depot  
  123  8:11  Marine x3  
  126  8:15  Barracks Reactor  
  126  8:16  Barracks Tech Lab, Marine, Factory Tech Lab  
  126  8:19  Medivac  
  129  8:20  Command Center  
  129  8:28  Siege Tank  
  129  8:29  Marine x2  
  134  8:40  Marine  
  134  8:41  Marine x2  
Tags
 
Add a new tag
Caveats
  • Supply blocks, unpowered buildings, or Contaminate may cause inaccurate times.
  • Supply counts are checked every 10 seconds.